 Dungeon Crawl Stone Soup version 0.28-a0-224-g76b539d98b (webtiles) character file.

Game seed: 6516242873166272275

57 zdrol the Shield-Bearer (level 3, 0/33 HPs)
             Began as a Minotaur Fighter on Aug 21, 2021.
             Slain by a gnoll (3 damage)
             ... on level 2 of the Dungeon.
             The game lasted 00:03:23 (876 turns).

zdrol the Shield-Bearer (Minotaur Fighter)           Turns: 876, Time: 00:03:25

Health: 0/33       AC:  7    Str: 20    XL:     3   Next: 73%
Magic:  2/2        EV:  7    Int:  5    God:
Gold:   21         SH:  8    Dex: 10    Spells: 2/2 levels left

rFire   . . .      SeeInvis .   e - +0 trident (venom)
rCold   . . .      Faith    .   c - +0 kite shield
rNeg    . . .      Spirit   .   b - +0 scale mail
rPois   .          Reflect  .   (helmet restricted)
rElec   .          Harm     .   (no cloak)
rCorr   .          Rampage  .   (no gloves)
Will    .....                   (no boots)
Stlth   ..........              h - amulet of regeneration
HPRegen 1.11/turn               (no ring)
MPRegen 0.08/turn               (no ring)

@: no status effects
A: horns 2, retaliatory headbutt
a: no special abilities


You were on level 2 of the Dungeon.
You visited 1 branch of the dungeon, and saw 2 of its levels.

You collected 21 gold pieces.

Inventory:

Hand Weapons
 a - a +0 long sword
 e - a +0 trident of venom (weapon)
Armour
 b - a +0 scale mail (worn)
 c - a +0 kite shield (worn)
Jewellery
 h - an amulet of regeneration (around neck)
Scrolls
 f - 2 scrolls of noise
 g - a scroll of silence {unknown}
 i - a scroll of teleportation {unknown}
Potions
 d - a potion of might
 j - a potion of curing {unknown}


   Skills:
 + Level 4.2 Fighting
 + Level 2.8 Long Blades
 + Level 1.0 Polearms
 + Level 4.1 Armour
 + Level 0.7 Dodging
 + Level 4.2 Shields


You had 2 spell levels left.
You didn't know any spells.
Your spell library was empty.

Dungeon Overview and Level Annotations

Branches:
Dungeon (2/15)

Altars:


Innate Abilities, Weirdness & Mutations

You have a pair of horns on your head.
You reflexively headbutt those who attack you in melee.


Message History

You block the gnoll's attack. The gnoll barely misses you.
The gnoll closely misses you.
You closely miss the gnoll. You headbutt the gnoll!
The gnoll is almost dead.
The gnoll barely misses you. You block the gnoll's attack.
The gnoll closely misses you.
You closely miss the gnoll.
The gnoll is almost dead.
You block the gnoll's attack. x3
The gnoll hits you from afar with a +0 spear.
Your scale mail prevents you from hitting the gnoll.
The gnoll is almost dead.
The gnoll hits you with a +0 spear!
The gnoll hits you from afar with a +0 spear.
You puncture the gnoll!
You kill the gnoll!
The gnoll closely misses you. You block the gnoll's attack.
The gnoll hits you with a +0 flail!
Your Polearms skill increases to level 1!
You hit the gnoll. You headbutt the gnoll.
The gnoll is heavily wounded.
You block the gnoll's attack. The gnoll hits you but does no damage.
You barely miss the gnoll.
The gnoll is heavily wounded.
You block the gnoll's attack. The gnoll closely misses you.
The gnoll hits you from afar with a +0 spear.
The gnoll hits you with a +0 flail!
* * * LOW HITPOINT WARNING * * *
You closely miss the gnoll.
The gnoll is heavily wounded.
The gnoll hits you with a +0 flail.
* * * LOW HITPOINT WARNING * * *
The gnoll hits you but does no damage.
You hit the gnoll.
The gnoll is poisoned.
The gnoll is severely wounded.
The gnoll hits you with a +0 flail.
* * * LOW HITPOINT WARNING * * *
The gnoll hits you but does no damage. The gnoll barely misses you.
The gnoll hits you from afar with a +0 spear.
You die...

#. #. . #. ..#. ....
#... # ....
####g##### ####
#.@g...... #..# #.
#.##.##### #..# #.
#.# # #..# #. #.#
#..# #. #.# #..# #.
##.###########..# #.
#...)...........###.
#####...............
#.#########.####


You could see 2 gnolls.

Vanquished Creatures
  Terence (D:2)
  A gnoll (D:2)
  4 ball pythons
  2 bats
  3 giant cockroaches
  2 jackals (D:2)
  A quokka (D:2)
  3 frilled lizards
  4 kobolds
  A rat (D:2)
22 creatures vanquished.

Notes
Turn   | Place    | Note
-------+----------+-------------------------------------------
     0 | D:1      | zdrol the Minotaur Fighter began the quest for the Orb.
     0 | D:1      | Reached XP level 1. HP: 19/19 MP: 0/0
   438 | D:1      | Reached XP level 2. HP: 24/27 MP: 1/1
   646 | D:2      | Noticed Terence
   655 | D:2      | Killed Terence
   656 | D:2      | Reached XP level 3. HP: 18/33 MP: 2/2
   873 | D:2      | Reached skill level 1 in Polearms
   876 | D:2      | Slain by a gnoll

Illustrated notes

Levels and vault maps discovered:
D:1:      heliophobic_arrival_ceremonial_halls, layout_rooms
D:2:      layout_basic, basic_altar, serial_shops, shop, uniq_terence,
          uniq_robin

Skill      XL: |  1  2  3 |
---------------+----------+-----
Fighting       | 4 |  4.2
Armour         | 4 |  4.1
Shields        | 4 |  4.2
Polearms       | 1 |  1.0
Long Blades    | |  2.8
Dodging        | |  0.7

Action                   || total
-------------------------++-------
Melee: Long sword        ||    19
       Headbutt          ||     8
       Trident           ||    40
  Use: Scroll            ||     1
Armor: Scale mail        ||    37
Dodge: Dodged            ||    33
Block: Kite shield       ||    39
       Rpst.: Long sword ||     4

Table legend: (Time is in decaauts)
 A = Elapsed time spent in this place.
 B = Non-inter-level travel time spent in this place.
 C = Inter-level travel time spent in this place.
 D = Time resting spent in this place.
 E = Time spent auto-exploring this place.
 F = Levels seen in this place.
 G = Mean time per level.
                   A        B        C        D        E       F      G
               +--------+--------+--------+--------+--------+-----+--------+
         Total |    905 |    905 |      0 |      0 |    521 |   2 |  452.5 |
       Dungeon |    905 |    905 |      0 |      0 |    521 |   2 |  452.5 |
               +--------+--------+--------+--------+--------+-----+--------+

Top non-repeatable levels by time:
     D:1: 611 daAuts
     D:2: 294 daAuts
